 Dungeon Crawl Stone Soup version 0.23-a0-183-gf37f6fb109 (webtiles) character file.

0 Manul the Ducker (level 1, -3/11 HPs)
             Began as a Spriggan Abyssal Knight on Sept 23, 2018.
             Was a Follower of Lugonu.
             Killed from afar by a starcursed mass (6 damage)
             ... with an accursed screaming
             ... on level 1 of the Abyss.
             The game lasted 00:01:16 (193 turns).

Manul the Ducker (Spriggan Abyssal Knight)           Turns: 193, Time: 00:01:16

Health: -3/11      AC:  3    Str:  8    XL:     1   Next: 0%
Magic:  3/3        EV: 18    Int: 13    God:    Lugonu [*.....]
Gold:   11         SH:  0    Dex: 15    Spells: 0/0 levels left

rFire    . . .     SeeInvis +   a - +1 short sword
rCold    . . .     Gourm    .   (shield restricted)
rNeg     . . .     Faith    .   b - +1 robe
rPois    .         Spirit   .   (helmet restricted)
rElec    .         Reflect  .   (no cloak)
rCorr    .         Harm     .   (gloves unavailable)
MR       .....                  (boots unavailable)
Stlth    +.........             (no amulet)
HPRegen  0.03/turn              (no ring)
MPRegen  0.08/turn              (no ring)

@: very slightly contaminated, very quick
A: very small, unfitting armour, see invisible, herbivore, speed 3, slow
metabolism 2
a: Depart the Abyss, Renounce Religion


You were on level 1 of the Abyss.
You worshipped Lugonu.
Lugonu was aware of your devotion.
You were not hungry.

You visited 0 branches of the dungeon, and saw 0 of its levels.
You visited the Abyss 1 time.

You collected 11 gold pieces.

Inventory:

Hand Weapons
 a - a +1 short sword (weapon)
Armour
 b - a +1 robe (worn)
Potions
 e - a potion of curing {unknown}
Comestibles
 c - a ration


   Skills:
 + Level 2.4 Fighting
 + Level 2.1 Short Blades
 + Level 3.5 Dodging
 + Level 1.7 Invocations


You couldn't memorise any spells.
You didn't know any spells.
Your spell library was empty.

Dungeon Overview and Level Annotations

Branches:
Dungeon (0/15)

Altars:


Innate Abilities, Weirdness & Mutations

You are very small and have problems with some larger weapons.
You are too small for most types of armour.
You have supernaturally acute eyesight. (SInv)
You are a herbivore.
You cover ground extremely quickly.
You need to consume almost no food.


Message History

2 starspawn tentacles come into view.
A ynoxinul comes into view.
The ynoxinul bellows!
The hellwing gives a chilling moan.
A starcursed mass comes into view.
A tentacled starspawn comes into view.
As you read the scroll labeled SOENEI ME OTTU, it crumbles to dust.
It is a scroll of enchant armour.
Your +0 robe glows green for a moment.
Tentacles burst from the starspawn's body! 2 starspawn tentacles come into view.
Number of times to repeat, then command key: You must enter the number of times for the command to repeat.
The starcursed mass shrieks in your mind.
Ouch! That really hurt!
* * * LOW HITPOINT WARNING * * *
An efreet comes into view. It is wielding a scimitar of flaming.
The starcursed mass shrieks in your mind.
Ouch! That really hurt!
You die...

..X. #..... .....#..
.§# #...###...###3.
###...##
....X#.....#.....#.
..# ...............
..... .. ..
................... .
..X─.X.....4.........
.. ..
..#.....#.....#.....#
#... ##...### ..#
#... # .#.
#@#..#.#### .##... #
##.#.## ##. #...# .
##.## R## .# ##


You could see a starcursed mass, a tentacled starspawn, a hellwing and a
ynoxinul.

Vanquished Creatures (others)
  4 starspawn tentacles (Abyss:1)
4 creatures vanquished.

Notes
Turn   | Place    | Note
-------+----------+-------------------------------------------
     0 | Abyss:1  | Manul the Spriggan Abyssal Knight began the quest for the
                  | Orb.
     0 | Abyss:1  | Reached XP level 1. HP: 11/11 MP: 3/3
    42 | Abyss:1  | Found a corrupted altar of Lugonu.
    81 | Abyss:1  | Found a corrupted altar of Lugonu.
    84 | Abyss:1  | Found a corrupted altar of Lugonu.
   100 | Abyss:1  | Noticed a large abomination
   106 | Abyss:1  | Noticed a glowing orange brain
   107 | Abyss:1  | Noticed a neqoxec
   110 | Abyss:1  | Noticed an iron imp
   115 | Abyss:1  | Noticed a demonic crawler
   118 | Abyss:1  | Noticed a tentacled starspawn
   145 | Abyss:1  | Noticed a sixfirhy
   148 | Abyss:1  | Noticed a tentacled starspawn
   162 | Abyss:1  | Noticed a ynoxinul
   175 | Abyss:1  | Noticed a hellwing
   182 | Abyss:1  | Noticed a starcursed mass
   184 | Abyss:1  | Noticed a tentacled starspawn
   191 | Abyss:1  | Noticed an efreet
   193 | Abyss:1  | Killed from afar by a starcursed mass

Vault maps used:

Action                   || total
-------------------------++-------
  Use: Scroll            ||     3

Table legend:
 A = Non-vault XP
 B = Vault XP
 C = Vault XP percentage of total XP
 D = Non-vault monster count
 E = Vault monster count
 F = Vault count percentage of total count
                 A         B        C        D         E       F
            +---------+---------+-------+---------+---------+-------
      Total |       0 |       0 |   N/A |       0 |       0 |  -nan
            +---------+---------+-------+---------+---------+-------
            +---------+---------+-------+---------+---------+-------
